 Dungeon Crawl Stone Soup version 0.30-b1-2-g02819fbbbe (webtiles) character file.

Game seed: 6299415970233411873

9 Alarkh the Grave Robber (level 2, 19/19 HPs)
             Began as a Demonspawn Necromancer on July 7, 2023.
             Got out of the dungeon alive.
             The game lasted 00:00:23 (379 turns).

Alarkh the Grave Robber (Demonspawn Necromancer)     Turns: 379, Time: 00:00:23

Health: 19/19      AC:  2    Str:  8    XL:     2   Next: 3%
Magic:  3/5        EV: 12    Int: 16    God:
Gold:   17         SH:  0    Dex: 13    Spells: 4/5 levels left

rFire   . . .        (no weapon)
rCold   . . .        (no shield)
rNeg    . . .        a - +0 robe
rPois   .            (helmet restricted)
rElec   .            (no cloak)
rCorr   +            (no gloves)
SInv    .            (no boots)
Will    .....        (no amulet)
Stlth   ++           e - ring of resist corrosion
HPRegen 0.23/turn    (no ring)
MPRegen 0.09/turn

%: no passive effects
@: no status effects
A: horns 1
a: no special abilities


You escaped.
You visited 1 branch of the dungeon, and saw 1 of its levels.

You collected 17 gold pieces.

Inventory:

Armour
 a - a +0 robe (worn)
Jewellery
 e - a ring of resist corrosion (left hand)
Scrolls
 c - a scroll of noise {unknown}
 d - a scroll of identify {unknown}
Potions
 b - a potion of magic


   Skills:
 - Level 1.7 Dodging
 - Level 1.7 Stealth
 + Level 2.2 Spellcasting
 * Level 4.7 Necromancy


You had 4 spell levels left.
You knew the following spells:

 Your Spells              Type           Power      Damage    Failure   Level
a - Necrotise             Necr           68%        1d7       3%          1

Your spell library contained the following spells:

 Spells                   Type           Power      Damage    Failure   Level
 Vampiric Draining        Necr           17%        2d7       9%          3
 Animate Dead             Necr           17%        N/A       28%         4
 Agony                    Necr           17%        N/A       63%         5


Dungeon Overview and Level Annotations

Branches:
Dungeon (1/15)

Altars:


Innate Abilities, Weirdness & Mutations

You have a pair of small horns on your head.


Message History

Casting: Necrotise (safe; 3% risk of failure)
Confirm with . or Enter, or press ? or * to list all spells.
Aiming: Necrotise (safe; 3% risk of failure)
Press: ? - help, Shift-Dir - straight line, f - jackal
Aim: a jackal (chance to affect: 86%)
The jackal writhes in agony.
Casting: Necrotise (safe; 3% risk of failure)
Confirm with . or Enter, or press ? or * to list all spells.
Aiming: Necrotise (safe; 3% risk of failure)
Press: ? - help, Shift-Dir - straight line, f/p - jackal
Aim: a jackal (almost dead, chance to affect: 86%)
The jackal writhes in agony.
You kill the jackal!
The jackal bites your jackal skeleton.
The jackal closely misses your jackal skeleton.
The jackal barely misses your jackal skeleton.
The jackal bites your jackal skeleton.
You have reached level 2!
Your demonic ancestry asserts itself...
A pair of horns grows on your head!
You swap places.
The jackal bites your jackal skeleton. x2
Your jackal skeleton is destroyed!
Your jackal skeleton barely misses the jackal.
The jackal bites your jackal skeleton.
Your jackal skeleton bites the jackal.
The jackal bites your jackal skeleton.
Your jackal skeleton bites the jackal.
The jackal bites your jackal skeleton.
Your jackal skeleton bites the jackal but does no damage.
The jackal bites your jackal skeleton.
Your jackal skeleton bites the jackal but does no damage.
The jackal bites your jackal skeleton.
Your jackal skeleton closely misses the jackal.
The jackal bites your jackal skeleton.
Your jackal skeleton is destroyed!
You open the door.
There is an open door here.
You close the door.
There is an open door here.
There is a staircase leading out of the dungeon here.
Are you sure you want to leave the Dungeon?
This will make you lose the game!
You have escaped!

#.......##
##.###.# ##.....##
### #.# ##...##
... ##'## ... #.#
....#
#.###########.####
####.#P#P#P#P#P###
.................#
##.....)....PP..@#
#...............#
#.#.#P#P#P#P#P###
#...###########
###..# #.# #..#
#.#
#..#######.######
##...............#
#.......##.#####.#


There were no monsters in sight!

Vanquished Creatures
  A bat (D:1)
  A goblin (D:1)
  2 jackals (D:1)
  A quokka (D:1)
  A ball python (D:1)
  A frilled lizard (D:1)
  A rat (D:1)
8 creatures vanquished.

Notes
Turn   | Place    | Note
-------+----------+-------------------------------------------
     0 | D:1      | Alarkh the Demonspawn Necromancer began the quest for the
                  | Orb.
     0 | D:1      | Reached XP level 1. HP: 13/13 MP: 3/3
   343 | D:1      | Gained mutation: You have a pair of small horns on your
                  | head. [demonic ancestry]
   343 | D:1      | Reached XP level 2. HP: 19/19 MP: 0/5
   379 | D:$      | Got out of the dungeon alive.

Illustrated notes

Levels and vault maps discovered:
D:1:      minmay_arrival_plants_in_alcoves, layout_loops_corners,
          dilly_ecumenical_altar_fadedgnrine

Action                     || total
---------------------------++-------
   Cast: Necrotise         ||    11
 Armour: Robe              ||     2
  Dodge: Dodged            ||     1
